 Dungeon Crawl Stone Soup version 0.30-a0-39-g42789b21ef (webtiles) character file.

Game seed: 3265222134496308433

9 drugrobin the Sneak (level 1, 0/18 HPs)
             Began as a Demigod Delver on Aug 28, 2022.
             Slain by an ufetubus (1 damage)
             ... on level 4 of the Dungeon.
             The game lasted 00:02:10 (563 turns).

drugrobin the Sneak (Demigod Delver)                 Turns: 563, Time: 00:02:10

Health: 0/18       AC:  4    Str: 13    XL:     1   Next: 93%
Magic:  3/3        EV: 12    Int: 12    God:
Gold:   0          SH:  0    Dex: 15    Spells: 0/0 levels left

rFire   + . .      SeeInvis .    a - +0 short sword
rCold   + . .      Faith    .    (no shield)
rNeg    . . .      Spirit   .    l - +0 leather armour
rPois   .          Reflect  .    (no helmet)
rElec   .          Harm     .    j - scarf {rC+ rF+}
rCorr   .          Rampage  .    m - +0 pair of gloves {Stlth+}
Will    .....                    (no boots)
Stlth   ++++......               (no amulet)
HPRegen 0.06/turn                (no ring)
MPRegen 0.08/turn                (no ring)

@: hasted, very quick
A: high MP 1, forlorn, divine attributes
a: no special abilities


You were on level 4 of the Dungeon.
You visited 1 branch of the dungeon, and saw 2 of its levels.

Inventory:

Hand Weapons
 a - a +0 short sword (weapon)
 b - a +0 sling
Armour
 i - a +0 ring mail
 j - a scarf of resistance (worn)
 l - a +0 leather armour (worn)
 m - a +0 pair of gloves of stealth (worn)
Wands
 g - a wand of digging (3)
Scrolls
 c - a scroll of fog
 d - a scroll of magic mapping
 e - a scroll of fear
 k - a scroll of immolation {unknown}
Potions
 f - a potion of haste


   Skills:
 - Level 2.7 Fighting
 + Level 2.4 Short Blades
 - Level 1.8 Dodging
 - Level 4.5 Stealth


You couldn't memorise any spells.
You didn't know any spells.
Your spell library was empty.

Dungeon Overview and Level Annotations

Branches:
Dungeon (5/15)
 Temple: D:4-7

Annotations:
D:5 3 runed translucent doors


Innate Abilities, Weirdness & Mutations

You have an increased reservoir of magic. (+10% MP)
You shall have no god before yourself.
Your divine heritage dramatically boosts your attributes as you level up.


Message History

The orc closely misses you.
The orc hits you with a +0 flail of holy wrath!
Unknown command.
An ufetubus comes into view.
Unknown command.
Fire: b) +0 sling
Press: ? - help, Q - select action Shift-Dir - straight line, f/p - orc
Aim: an orc, wielding a +0 flail of holy wrath (56% to hit)
You shoot a sling bullet. The sling bullet hits the orc.
The orc is lightly wounded.
The ufetubus shouts!
The orc misses you.
Unknown command.
Unknown command.
It was a potion of cancellation.
You feel magically purged. The orc barely misses you.
You feel yourself speed up.
The orc hits you with a +0 flail of holy wrath.
The ufetubus closely misses you. The ufetubus barely misses you.
The ufetubus barely misses you.
The ufetubus hits you but does no damage.
There is an open door here.
The ufetubus attacks as you move away! The ufetubus misses you.
The ufetubus closely misses you. The ufetubus attacks as you move away!
The ufetubus hits you but does no damage.
The ufetubus hits you.
* * * LOW HITPOINT WARNING * * *
The ufetubus attacks as you move away!
The ufetubus hits you but does no damage. x2
The ufetubus attacks as you move away! The ufetubus hits you.
* * * LOW HITPOINT WARNING * * *
The ufetubus closely misses you.
Okay, then.
Unknown command.
Unknown command.
Unknown command.
a - a +0 short sword (weapon)
The ufetubus hits you.
You die...

.###.# # #o ......##.#.
...#..#..#.##
......#.....## ........
....# .>....#.# #..# ###
........###).# #.#
.........##..#####.#
...............5@..#####
.....#.#.##..#####.....#
.........†.#.### #.###.#
.......#.#.w...# #...#.#
.#.#.....#.###.# ##..#.#
.#.....#.#.# #o# #.....#
.#..##.#...###'#####.###
.......#........# #.#
....####........# #.#


You could see an ufetubus.

Vanquished Creatures
  An orc (D:4)
  An endoplasm (D:4)
  2 goblins (D:4)
  A hobgoblin (D:4)
  2 ball pythons (D:4)
7 creatures vanquished.

Notes
Turn   | Place    | Note
-------+----------+-------------------------------------------
     0 | D:5      | drugrobin the Demigod Delver began the quest for the Orb.
     0 | D:5      | Reached XP level 1. HP: 18/18 MP: 3/3
    13 | D:5      | Found a runed translucent gate.
    15 | D:5      | Found a runed translucent gate.
    15 | D:5      | Found a runed translucent gate.
    40 | D:5      | Noticed an ice beast
    40 | D:5      | Noticed a water moccasin
   460 | D:4      | Noticed an ogre
   563 | D:4      | Slain by an ufetubus

Illustrated notes

Levels and vault maps discovered:
D:4:      layout_basic, minmay_circle_x, uniq_edmund
D:5:      layout_cave_pools, gammafunk_ghost_necromancy

Skill      XL: |  1 |
---------------+----+-----
Short Blades   | 2 |  2.4
Fighting       | |  2.7
Dodging        | |  1.8
Stealth        | |  4.5

Action                   || total
-------------------------++-------
Melee: Short sword       ||     7
 Fire: Sling             ||    17
  Use: Potion            ||     2
 Stab: Sleeping          ||     2
Armor: Leather armour    ||     4
Dodge: Dodged            ||    16

Table legend: (Time is in decaauts)
 A = Elapsed time spent in this place.
 B = Non-inter-level travel time spent in this place.
 C = Inter-level travel time spent in this place.
 D = Time resting spent in this place.
 E = Time spent auto-exploring this place.
 F = Levels seen in this place.
 G = Mean time per level.
                   A        B        C        D        E       F      G
               +--------+--------+--------+--------+--------+-----+--------+
         Total |    565 |    565 |      0 |    242 |     37 |   2 |  282.5 |
       Dungeon |    565 |    565 |      0 |    242 |     37 |   2 |  282.5 |
               +--------+--------+--------+--------+--------+-----+--------+

Top non-repeatable levels by time:
     D:4: 503 daAuts
     D:5: 62 daAuts
